 Dungeon Crawl Stone Soup version 0.27-a0-660-g90476cec82 (webtiles) character file.

Game seed: 7218223251811626188

2046 kae the Ruffian (level 9, -8/93 HPs)
             Began as a Naga Transmuter on Mar 15, 2021.
             Was a Follower of Cheibriados.
             Mangled by a hobgoblin
             ... wielding a +0 hand axe
              (10 damage)
             ... in a bailey on Mar 16, 2021.
             The game lasted 00:08:17 (10032 turns).

kae the Ruffian (Naga Transmuter)                  Turns: 10032, Time: 00:08:17

Health: -8/93      AC:  6    Str: 18    XL:     9   Next: 24%
Magic:  7/15       EV: 11    Int: 16    God:    Cheibriados [*.....]
Gold:   199        SH:  0    Dex: 16    Spells: 4/17 levels left

rFire    x . .     SeeInvis +     - Unarmed
rCold    + + +     Faith    .   (shield currently unavailable)
rNeg     . . .     Spirit   .   (armour currently unavailable)
rPois    +         Reflect  .   (helmet currently unavailable)
rElec    .         Harm     .   (cloak currently unavailable)
rCorr    .         Rampage  .   (gloves currently unavailable)
Will     +....                  (no barding)
Stlth    +.........             (no amulet)
HPRegen  0.25/turn              (no ring)
MPRegen  0.14/turn              (no ring)

@: ice-form, very slightly contaminated, very slow
A: freezing attack, amphibious, boosted hp, AC +3, large, see invisible,
(deformed body), (poison resistance), (slowness 2), spit poison 1, (naga tail 1)
a: Spit Poison, End Transformation, Renounce Religion, Bend Time


You were in a bailey.
You worshipped Cheibriados.
Cheibriados was aware of your devotion.
You were a creature of crystalline ice.
You visited 2 branches of the dungeon, and saw 8 of its levels.
You also visited: Sewer and Bailey.

You collected 364 gold pieces.
You spent 165 gold pieces at shops.

Inventory:

Armour
 a - a +0 robe (melded)
 n - a +0 helmet (melded)
Wands
 c - a wand of flame (5)
Scrolls
 f - 2 scrolls of identify
 i - 3 scrolls of random uselessness
 m - a scroll of magic mapping
 p - a scroll of fear
 q - 2 scrolls of blinking
Potions
 b - a potion of mutation
 d - 3 potions of attraction
 e - a potion of cancellation
 g - a potion of degeneration
 h - 2 potions of berserk rage
 j - 2 potions of heal wounds
 k - 2 potions of magic
 l - a potion of resistance
 o - 3 potions of might
 r - a potion of flight
 s - a potion of curing
 t - a potion of invisibility


   Skills:
 + Level 4.0 Fighting
 + Level 3.6 Dodging
 * Level 6.3 Unarmed Combat
 + Level 4.5 Spellcasting
 * Level 6.0 Transmutations
 * Level 2.9 Ice Magic
 - Level 3.0 Poison Magic
 * Level 2.4 Invocations


You had 4 spell levels left.
You knew the following spells:

 Your Spells              Type           Power      Damage    Failure   Level
a - Beastly Appendage     Tmut           44%        N/A       1%          1
b - Spider Form           Tmut/Pois      9%         N/A       8%          3
c - Ice Form              Ice/Tmut       18%        N/A       26%         4
d - Blade Hands           Tmut           11%        N/A       36%         5

Your spell library contained the following spells:

 Spells                   Type           Power      Damage    Failure   Level
 Wereblood                Tmut           22%        N/A       1%          2


Dungeon Overview and Level Annotations

Branches:
Dungeon (7/15)             Temple (1/1) D:6           Sewer (visited)
 Bailey (1/1)

Altars:
Ashenzari
Cheibriados
Elyvilon
Gozag
Hepliaklqana
Kikubaaqudgha
Makhleb
Nemelex Xobeh
Okawaru
Qazlal
Ru
Sif Muna
Trog
Uskayaw
Vehumet
Wu Jian
Xom
Yredelemnul
Zin
The Shining One

Shops:
D:4 *([*(   D:5 *   D:7 (

Annotations:
D:3 Sigmund
D:4 2 transporters, Anon1729's ghost, amateur MfIE


Innate Abilities, Weirdness & Mutations

You are a creature of crystalline ice.
You have a powerful freezing melee attack.
You are amphibious.
Your maximum health is increased.
Your armour is entirely melded.
You are incapable of wielding weapons or throwing items.
((Your serpentine skin is tough. (AC +3)))
You have supernaturally acute eyesight. (SInv)
((Armour fits poorly on your strangely shaped body.))
((Your system is resistant to poisons. (rPois)))
((You cover ground very slowly.))
You can spit poison.
((You have a snake-like lower body.))


Message History

Items here: ) [[ ÷÷.
You open the door.
A goblin, 2 hobgoblins, an orc and an orc warrior come into view.
The hobgoblin shouts!
You hear a shout!
The orc warrior shouts!
You hear a shout! x4
A hobgoblin comes into view. It is wielding a +0 war axe.
An orc warrior comes into view. It is wielding a +0 war axe.
A hobgoblin comes into view. It is wielding a +0 hand axe.
There are monsters nearby!
There are monsters nearby!
An orc warrior comes into view. It is wielding a +0 hand axe.
A hobgoblin comes into view. It is wielding a +0 hand axe.
Found a scroll of blinking.
Casting: Ice Form (dangerous; 26% risk of failure)
Confirm with . or Enter, or press ? or * to list all spells.
You miscast Ice Form.
You are very lightly contaminated with residual magic.
Multicoloured lights dance before your eyes.
The orc warrior hits you with a +0 war axe!
The hobgoblin hits you with a +0 hand axe.
An orc warrior comes into view. It is wielding a +0 war axe.
Casting: Ice Form (dangerous; 26% risk of failure)
Confirm with . or Enter, or press ? or * to list all spells.
You turn into a creature of crystalline ice.
Your +0 helmet melds into your body.
Your +0 robe melds into your body.
The orc warrior hits you with a +0 war axe!
The hobgoblin hits you with a +0 hand axe.
The orc warrior hits you with a +0 war axe!!
The hobgoblin hits you with a +0 hand axe.
You punch the orc warrior! You freeze the orc warrior.
The orc warrior is heavily wounded.
The orc warrior hits you with a +0 war axe!!
* * * LOW HITPOINT WARNING * * *
The hobgoblin completely misses you.
You hit the orc warrior but do no damage.
The orc warrior is heavily wounded.
The orc warrior hits you with a +0 war axe.
* * * LOW HITPOINT WARNING * * *
The hobgoblin hits you with a +0 hand axe!
You die...

?... .... .....
..... #######
g...⌠.
##.....##go....
#......gogg....
##......Y##....g
#.........# ...
##.........## 8
#.....⌠.....#
##.........##
#.........#
##.......##
#.......#
##[)÷..##


You could see 2 orc warriors, 4 hobgoblins and a goblin.

Vanquished Creatures
  Pikel (D:4)
  2 sky beasts (D:7)
  3 orc warriors
  2 ogres
  3 centaurs
  A lemure (D:4)
  A bullfrog (D:6)
  4 orc priests
  4 orc wizards
  An iguana (D:5)
  A worker ant (D:6)
  Robin (D:3)
  6 gnolls
  8 adders
  3 river rats (D:5)
  2 white imps (D:5)
  An ooze (D:1)
  An adder zombie (D:5)
  An adder skeleton (D:5)
  4 worms
  3 leopard geckos
  21 orcs
  4 giant cockroaches
  21 hobgoblins
  8 jackals
  8 kobolds
  5 quokkas
  8 ball pythons
  10 bats
  6 frilled lizards
  27 goblins
  A jackal zombie (D:6)
  A quokka skeleton (D:4)
  A quokka zombie (D:5)
  8 rats
182 creatures vanquished.

Notes
Turn   | Place    | Note
-------+----------+-------------------------------------------
     0 | D:1      | kae the Naga Transmuter began the quest for the Orb.
     0 | D:1      | Reached XP level 1. HP: 18/18 MP: 3/3
   213 | D:1      | Reached XP level 2. HP: 9/25 MP: 3/5
   762 | D:1      | Upgraded the game from 0.27-a0-650-g8dd3ea4f36 to
                  | 0.27-a0-660-g90476cec82
  1364 | D:1      | Reached XP level 3. HP: 21/31 MP: 4/6
  1368 | D:1      | Learned a level 3 spell: Spider Form
  2455 | D:2      | Found an iron altar of Okawaru.
  2456 | D:2      | Found a radiant altar of Vehumet.
  2468 | D:2      | Reached XP level 4. HP: 27/39 MP: 3/7
  3037 | D:2      | Found a sacrificial altar of Ru.
  3190 | D:3      | Reached XP level 5. HP: 21/45 MP: 5/8
  3749 | D:3      | Noticed Robin
  3758 | D:3      | Killed Robin
  4359 | D:3      | Found a faded altar of an unknown god.
  4366 | D:3      | Noticed Sigmund
  4729 | D:3      | Found a shimmering blue altar of Sif Muna.
  4986 | D:4      | Reached skill level 1 in Poison Magic
  4993 | D:4      | Reached XP level 6. HP: 22/54 MP: 6/9
  5172 | D:4      | Found Voppy's Antique Weapon Boutique.
  5173 | D:4      | Found Nejus's Antique Armour Boutique.
  5506 | D:4      | Found Boreuc's General Store.
  5604 | D:4      | Found a glowing golden altar of the Shining One.
  5645 | D:4      | Found a transporter.
  5645 | D:4      | Found Xeadimatz's Assorted Antiques.
  5648 | D:4      | Found Nuol's Weapon Emporium.
  5654 | D:4      | Bought a scroll of identify for 48 gold pieces
  5654 | D:4      | Bought a scroll of identify for 48 gold pieces
  5654 | D:4      | Bought a scroll of identify for 48 gold pieces
  5654 | D:4      | Bought a bubbling pink potion for 21 gold pieces
  5670 | D:4      | Found a transporter.
  5670 | D:4      | Noticed Anon1729's ghost (amateur MfIE)
  5675 | D:4      | Noticed Pikel
  5711 | D:4      | Killed Pikel
  5712 | D:4      | Reached skill level 5 in Unarmed Combat
  5712 | D:4      | Reached XP level 7. HP: 18/62 MP: 8/12
  6318 | D:5      | Entered Level 5 of the Dungeon
  6352 | D:5      | Found Zutroreosas's Elemental Accessories.
  6392 | D:5      | Reached XP level 8. HP: 64/69 MP: 10/13
  6498 | D:5      | Found a glowing drain.
  6511 | Sewer    | Entered a sewer
  7215 | D:5      | Reached skill level 5 in Transmutations
  7262 | D:5      | Found a broken altar of Ashenzari.
  7701 | D:4      | Learned a level 4 spell: Ice Form
  7707 | D:4      | Learned a level 5 spell: Blade Hands
  7926 | D:5      | Reached skill level 1 in Ice Magic
  8363 | D:6      | HP: 3/70 [orc/+0 flail (8)]
  8637 | D:6      | Found a hazy altar of Hepliaklqana.
  8685 | D:6      | Found a staircase to the Ecumenical Temple.
  8722 | Temple   | Entered the Ecumenical Temple
  8790 | Temple   | Became a worshipper of Cheibriados the Contemplative
  9098 | D:6      | Reached skill level 1 in Invocations
  9275 | D:7      | Found Woixic's Weapon Emporium.
  9296 | D:7      | Reached XP level 9. HP: 55/78 MP: 12/15
  9346 | D:7      | Found a flagged portal.
  9355 | Bailey   | Entered a bailey
  9599 | Bailey   | Reached * piety under Cheibriados
 10032 | Bailey   | HP: 2/93 [orc warrior/+0 war axe (3)]
 10032 | Bailey   | Mangled by a hobgoblin

Illustrated notes

Levels and vault maps discovered:
D:1:      lightli_arrival_flooded_house, layout_loops_corners,
          minmay_pentomino_t2
D:2:      layout_basic, nicolae_ru_path_of_blood,
          chequers_temple_overflow_statue_of_worship, minmay_misc_feat_square
D:3:      layout_basic, led_sif_pool, chequers_ecumenical_altar_simple_redux,
          minmay_bisected, uniq_robin, uniq_sigmund
D:4:      layout_basic, kennysheep_mini_moat, gammafunk_ghost_mausoleum,
          serial_shops, shop_statue, shop, nicolae_shop_overgrown_old_shop,
          shop_coins, shop_fountains, uniq_pikel
D:5:      layout_loops_ring, nicolae_overflow_hidden_temple,
          portal_sewer_entry_e, chequers_serial_rivers_small_a,
          nicolae_elemental_shop
D:6:      layout_basic, nicolae_overflow_crystal_walls,
          minmay_temple_entry_crystal_x
D:7:      layout_loops_ring, gammafunk_ghost_arena, enter_bailey_8,
          serial_shops, shop, minmay_between, uniq_prince_ribbit1
Temple:   cyrus_circular_temple
Bailey:   bailey_axe_minmay_hex_keep, bailey

Skill      XL: |  1  2  3  4  5  6  7  8  9 |
---------------+----------------------------+-----
Transmutations | 3 4 5 6 |  6.0
Dodging        | 2 3 |  3.6
Fighting       | 2 3 4 |  4.0
Unarmed Combat | 4 5 6 |  6.3
Poison Magic   | 1 3 |  3.0
Spellcasting   | 3 4 |  4.5
Ice Magic      | 2 |  2.9
Invocations    | 1 2 |  2.4

Action                   |  1- 3 |  4- 6 |  7- 9 || total
-------------------------+-------+-------+-------++-------
Melee: Unarmed           |   102 |   146 |   235 ||   483
       Headbutt          |     6 |     4 |       ||    10
       Punch             |       |     2 |     2 ||     4
 Cast: Beastly Appendage |    26 |    16 |       ||    42
       Spider Form       |     3 |    13 |    37 ||    53
       Ice Form          |       |       |     2 ||     2
 Abil: Spit Poison       |    30 |    22 |    12 ||    64
  Use: Scroll            |       |    14 |     7 ||    21
       Potion            |       |     3 |     2 ||     5
Armor: Robe              |    31 |     9 |     9 ||    49
       Skin              |     1 |    22 |    12 ||    35
Dodge: Dodged            |    72 |    93 |   173 ||   338

Table legend: (Time is in decaauts)
 A = Elapsed time spent in this place.
 B = Non-inter-level travel time spent in this place.
 C = Inter-level travel time spent in this place.
 D = Time resting spent in this place.
 E = Time spent auto-exploring this place.
 F = Levels seen in this place.
 G = Mean time per level.
                   A        B        C        D        E       F      G
               +--------+--------+--------+--------+--------+-----+--------+
         Total |  11924 |  11464 |    460 |   1087 |   8896 |  10 | 1192.4 |
       Dungeon |  10417 |   9979 |    438 |    667 |   8169 |   7 | 1488.1 |
        Temple |    113 |     92 |     21 |      0 |     76 |   1 |  113.0 |
         Sewer |    641 |    641 |      0 |     25 |    466 |   1 |  641.0 |
        Bailey |    751 |    751 |      0 |    395 |    183 |   1 |  751.0 |
               +--------+--------+--------+--------+--------+-----+--------+

Top non-repeatable levels by time:
     D:3: 2092 daAuts
     D:1: 1978 daAuts
     D:4: 1900 daAuts
     D:2: 1693 daAuts
     D:5: 1488 daAuts
     D:6: 1147 daAuts
  Bailey: 751 daAuts
   Sewer: 641 daAuts
     D:7: 116 daAuts
  Temple: 113 daAuts
